Map: Fields of Death

Players

Meister - Winner!

  • Race: Terran Terran
  • League: Master
  • Spawn Location: 12:00

PracticeX

  • Race: Terran Terran
  • League: Grandmaster
  • Spawn Location: 7:00

Dreamer - Winner!

  • Race: Terran Terran
  • Spawn Location: 12:00

Ohm

  • Race: Terran Terran
  • Spawn Location: 6:00

VOD

Have the link to the VOD?

Description

Time

  • Played on: April 1, 2017, 11:54 p.m.
  • Length: 14:50
Show
View Real Time Build Order
Export as new Build Order

Meister Terran - Winner!

Build Orders: 1/1/1, Cyclone Opening 

Get SALT Encoding   

  12  0:01  SCV  
  13  0:13  SCV  
  14  0:18  Supply Depot  
  14  0:25  SCV  
  14  0:28  Refinery  
  15  0:40  SCV  
  16  0:47  Barracks  
  16  0:52  SCV  
  16  0:56  Refinery  
  17  1:04  SCV  
  18  1:16  SCV  
  19  1:34  Barracks Reactor, Orbital Command  
  19  1:37  Factory  
  19  1:46  Supply Depot  
  19  1:59  SCV  
  20  2:11  SCV, Marine x2  
  23  2:20  Cyclone  
  26  2:25  Starport  
  26  2:29  SCV  
  27  2:30  Marine  
  27  2:36  Marine  
  29  2:42  Supply Depot  
  29  2:52  Factory Tech Lab  
  29  2:54  Marine x2  
  31  2:58  Supply Depot  
  31  3:11  Siege Tank  
  34  3:22  Marine  
  34  3:23  Medivac x2  
  34  3:25  SCV  
  40  3:38  SCV  
  41  3:46  Command Center  
  41  3:55  Barracks Reactor  
  41  3:58  SCV  
  41  4:02  Viking  
  44  4:08  Viking  
  46  4:12  Supply Depot  
  46  4:24  SCV  
  47  4:36  SCV  
  47  4:37  Engineering Bay  
  45  4:43  Siege Tank  
  48  4:48  SCV  
  49  4:58  Marine x2  
  51  5:00  SCV, Orbital Command  
  52  5:11  Missile Turret x2  
  52  5:13  SCV  
  53  5:15  Marine  
  53  5:18  Siege Tank  
  57  5:25  SCV  
  54  5:34  Marine x2  
  50  5:37  SCV  
  50  5:40  SCV  
  52  5:49  SCV  
  53  5:50  Barracks  
  53  5:52  Barracks  
  53  5:53  SCV  
  53  5:54  Marine x2  
  56  6:01  SCV  
  57  6:05  SCV  
  57  6:06  Siege Tank  
  61  6:12  Marine x2  
  61  6:13  SCV  
  61  6:17  SCV  
  65  6:20  Viking  
  65  6:21  Viking  
  69  6:27  Supply Depot  
  69  6:28  Supply Depot  
  69  6:30  Marine  
  70  6:36  Supply Depot, Terran Infantry Weapons Level 1  
  70  6:40  Barracks Reactor  
  70  6:44  Barracks Tech Lab  
  70  6:45  Missile Turret  
  70  6:48  Marine x2  
  70  6:49  Siege Tank, SCV  
  76  6:55  SCV  
  72  7:06  Marine x2  
  62  7:09  Stimpack, Marine  
  62  7:10  SCV  
  60  7:17  SCV  
  56  7:24  Marine x2  
  56  7:26  SCV  
  56  7:27  Marine x3  
  56  7:29  SCV  
  63  7:39  SCV  
  63  7:41  SCV  
  63  7:42  Marine x2  
  63  7:43  Siege Tank  
  66  7:44  Marine  
  66  7:45  Marine  
  66  7:49  Marine  
  66  7:51  SCV  
  67  7:54  Command Center  
  67  7:55  SCV  
  68  7:59  Marine  
  68  8:02  Refinery x2  
  68  8:03  SCV  
  70  8:07  Marine x2  
  70  8:08  SCV, Marine x2  
  75  8:15  SCV  
  75  8:16  Supply Depot  
  75  8:17  Marine  
  75  8:18  Siege Tank  
  80  8:20  SCV  
  81  8:27  SCV  
  81  8:28  Marine x4  
  86  8:35  Marine  
  86  8:36  SCV  
  86  8:37  Terran Infantry Armor Level 1  
  86  8:39  SCV  
  89  8:44  Supply Depot  
  89  8:45  Marine  
  89  8:46  Marine  
  91  8:51  Marine x2  
  91  8:52  Siege Tank  
  91  8:53  Marine  
  97  9:00  Supply Depot  
  97  9:03  SCV  
  98  9:10  Armory  
  98  9:11  Engineering Bay  
  98  9:12  SCV  
  99  9:17  Marine x3  
  99  9:18  Marine x2  
  99  9:20  SCV  
  104  9:27  SCV  
  105  9:35  Marine x4  
  105  9:36  Siege Tank  
  105  9:37  Medivac x2  
  115  9:42  Orbital Command  
  115  9:43  Marine  
  107  9:53  SCV x2, Marine x3  
  107  9:56  Marine  
  107  9:58  Terran Infantry Weapons Level 2  
  113  10:07  Combat Shields  
  113  10:13  Barracks  
  113  10:14  Marine, Barracks  
  113  10:15  Marine  
  113  10:16  Marine, Sensor Tower  
  113  10:19  Marine x2  
  118  10:22  SCV x2  
  118  10:23  SCV  
  121  10:32  Marine  
  121  10:33  Marine  
  121  10:34  Marine  
  124  10:37  Marine x2  
  86  10:46  Siege Tank, Medivac x2  
  86  10:48  SCV  
  86  10:49  Marine, Refinery  
  84  10:50  SCV  
  84  10:51  Marine  
  84  10:52  Marine  
  84  10:54  Terran Infantry Armor Level 2  
  84  10:55  Marine x2  
  90  11:02  Liberator x2  
  92  11:05  Barracks Tech Lab  
  92  11:07  Barracks Tech Lab, Marine  
  92  11:08  SCV  
  92  11:09  Marine, Refinery  
  92  11:11  Marine  
  94  11:13  Marine  
  94  11:14  Marine  
  96  11:22  SCV  
  96  11:24  Supply Depot  
  96  11:25  Marine, Marauder  
  106  11:27  Marine, Concussive Shells, Supply Depot  
  106  11:28  Marauder  
  109  11:32  Marine  
  109  11:33  Marine x2  
  112  11:43  Marine  
  112  11:45  Marine  
  112  11:46  Siege Tank, Marauder  
  119  11:49  Supply Depot  
  119  11:50  Marine, Marauder  
  119  11:53  Marine  
  119  11:54  Marauder  
  125  12:01  Marine  
  126  12:02  Marine  
  126  12:08  Marine, Marauder  
  129  12:10  SCV  
  129  12:11  SCV, Marine, Marauder  
  129  12:13  Medivac x2  
  129  12:15  Marine  
  140  12:18  Marine  
  140  12:20  Marine  
  135  12:26  Marine  
  135  12:29  Marine, Marauder  
  129  12:32  Marine  
  129  12:33  Terran Vehicle Weapons Level 1  
  129  12:36  Marine  
  125  12:38  Marine  
  125  12:44  Marine  
  126  12:46  Marine  
  126  12:49  Command Center  
  126  12:50  Marine, Marauder  
  131  12:54  Siege Tank  
  131  12:57  Marauder  
  134  12:59  Marine  
  134  13:00  Marine  
  134  13:02  Marine  
  137  13:07  Marine  
  137  13:09  Marauder  
  137  13:12  Medivac x2, Marauder  
  144  13:16  SCV  
  144  13:17  Marine  
  144  13:18  Marine, Supply Depot, Marauder  
  144  13:19  Supply Depot  
  149  13:22  Marine  
  149  13:25  Marine  
  151  13:30  Marauder  
  151  13:31  Factory  
  151  13:33  Marauder  
  152  13:35  Marine  
  152  13:36  Marine  
  152  13:40  Marine, Marauder  
  157  13:44  Viking x2  
  157  13:47  Marine  
  162  13:51  Marauder  
  162  13:52  Marine  
  162  13:54  Marauder  
  167  14:00  Marine  
  167  14:01  Marauder  
  139  14:04  Marine  
  139  14:06  Marine  
  128  14:13  Marine, Marauder  
  128  14:16  Marauder  
  108  14:17  Marine  
  108  14:22  Marine  
  108  14:23  Marauder  
Show
View Real Time Build Order
Export as new Build Order

PracticeX Terran 

Build Orders: Reaper Expand 

Get SALT Encoding   

  12  0:00  SCV  
  13  0:13  SCV  
  14  0:18  Supply Depot  
  14  0:25  SCV  
  15  0:37  Refinery  
  15  0:39  SCV  
  16  0:45  Barracks  
  16  0:52  SCV  
  17  1:04  SCV  
  18  1:16  SCV  
  19  1:32  Orbital Command, Reaper  
  20  1:45  Command Center  
  20  1:55  Supply Depot  
  20  1:57  SCV  
  21  2:04  Reaper  
  22  2:09  SCV  
  22  2:13  Refinery  
  23  2:22  SCV  
  24  2:24  Factory  
  24  2:34  SCV  
  25  2:40  Barracks Reactor  
  25  2:46  SCV  
  26  2:57  Orbital Command  
  26  2:58  SCV  
  27  3:10  SCV  
  28  3:15  Starport  
  28  3:18  Marine  
  28  3:19  Hellion  
  31  3:22  SCV  
  31  3:34  Marine  
  30  3:36  SCV, Marine  
  30  3:40  Cyclone  
  34  3:51  Marine  
  34  3:54  Marine  
  33  4:00  SCV x2  
  31  4:05  Command Center  
  31  4:07  Viking  
  31  4:09  Marine  
  34  4:12  SCV x2  
  36  4:24  SCV x2  
  38  4:31  Marine  
  38  4:38  Factory Tech Lab  
  40  4:45  SCV  
  38  4:47  SCV  
  38  4:51  Viking  
  36  4:54  Supply Depot  
  36  4:55  Supply Depot, Refinery  
  36  4:56  Refinery  
  36  4:57  Siege Tank  
  38  5:00  Supply Depot  
  38  5:02  Supply Depot  
  25  5:14  SCV  
  25  5:15  SCV  
  25  5:21  Viking  
  29  5:26  SCV  
  30  5:43  Barracks  
  30  5:48  Siege Tank  
  33  5:57  SCV x2  
  33  6:03  SCV  
  36  6:09  SCV x2  
  38  6:13  Starport Reactor  
  38  6:15  SCV  
  39  6:21  SCV x2  
  41  6:31  Orbital Command  
  41  6:33  SCV x2  
  41  6:36  Factory, Barracks Reactor  
  43  6:45  SCV  
  43  6:46  SCV  
  45  6:50  Supply Depot  
  45  6:52  Siege Tank  
  44  7:13  Viking  
  47  7:15  SCV x3  
  45  7:27  SCV  
  45  7:29  SCV  
  38  7:34  Cyclone  
  38  7:35  Hellion  
  42  7:42  SCV x2  
  44  7:44  Viking  
  44  7:49  SCV  
  47  7:54  SCV x2  
  49  7:58  Refinery  
  49  8:01  Siege Tank, SCV  
  53  8:06  SCV x2  
  55  8:13  SCV  
  55  8:15  Supply Depot  
  55  8:17  Hellion  
  55  8:19  Factory  
  58  8:26  Engineering Bay  
  58  8:27  Supply Depot  
  58  8:30  Factory  
  58  8:34  Orbital Command  
  58  8:35  SCV  
  58  8:36  SCV  
  60  8:43  Siege Tank  
  60  8:48  SCV x2  
  65  8:52  Hellion x2  
  69  8:56  Viking x2  
  69  8:59  SCV  
  69  9:00  SCV  
  75  9:08  Armory  
  75  9:12  Missile Turret  
  75  9:13  Factory Tech Lab  
  75  9:14  Factory Tech Lab  
  75  9:21  Siege Tank  
  80  9:31  Hellion, Siege Tank  
  75  9:43  Hellion  
  75  9:44  SCV x2  
  78  9:45  Hellion  
  78  9:46  Refinery  
  78  9:47  Refinery  
  69  9:52  Hellion  
  69  9:53  Siege Tank  
  69  9:55  SCV  
  69  9:56  SCV  
  72  10:03  SCV, Supply Depot x2  
  72  10:04  Hellion  
  75  10:07  SCV  
  75  10:13  Hellion  
  78  10:18  Missile Turret  
  78  10:20  Siege Tank  
  83  10:21  Hellion  
  83  10:24  SCV  
  83  10:25  Hellion, SCV x2  
  84  10:36  SCV  
  84  10:37  Viking x2  
  84  10:39  Siege Tank  
  88  10:44  Hellion x2  
  90  10:51  Siege Tank  
  82  10:58  Siege Tank  
  83  11:12  Hellion  
  85  11:23  Viking  
  85  11:24  Viking  
  85  11:25  Supply Depot, Command Center  
  81  11:52  Supply Depot  
  81  11:53  Viking  
  83  11:56  Viking  
  83  12:09  Hellion, Siege Tank  
  83  12:14  Infernal Pre-Igniter  
  86  12:26  Siege Tank  
  86  12:27  Hellion  
  91  12:42  Siege Tank  
  91  12:43  Siege Tank  
  97  12:53  Hellion  
  97  12:54  Hellion  
  97  12:57  SCV x2  
  103  13:03  Viking  
  105  13:18  Siege Tank, Orbital Command  
  108  13:21  SCV  
  109  13:29  Hellion  
  109  13:32  Siege Tank  
  114  13:38  Siege Tank  
  98  14:02  Hellion  
  90  14:04  Hellion  
  75  14:13  SCV x2  
Show
View Real Time Build Order
Export as new Build Order

Dreamer Terran - Winner!

Build Orders: MMM Bio 

Get SALT Encoding   

  12  0:00  SCV  
  13  0:12  SCV  
  14  0:17  Supply Depot  
  14  0:25  SCV  
  14  0:28  Refinery  
  15  0:39  SCV  
  16  0:47  Barracks  
  16  0:51  SCV  
  17  1:03  SCV  
  18  1:17  SCV, Barracks  
  19  1:29  Barracks  
  19  1:34  Reaper  
  19  1:37  Orbital Command  
  20  1:46  Refinery  
  20  1:55  Supply Depot  
  20  2:03  SCV  
  20  2:04  Reaper  
  20  2:06  Reaper  
  23  2:16  SCV, Reaper  
  25  2:28  SCV, Supply Depot  
  26  2:36  Reaper  
  26  2:38  Reaper  
  27  2:45  SCV  
  27  2:48  Reaper  
  29  2:58  SCV  
  30  3:08  Reaper  
  30  3:10  SCV, Reaper  
  33  3:21  Reaper  
  33  3:29  SCV  
  34  3:41  SCV, Reaper  
  35  3:42  Reaper  
  37  3:52  Command Center  
  37  3:53  Reaper  
  38  4:00  SCV  
  38  4:12  SCV  
  39  4:22  Command Center  
  39  4:39  Supply Depot  
  39  4:40  Supply Depot  
  39  4:43  Factory  
  39  4:51  SCV  
  39  5:03  SCV  
  39  5:04  Barracks Reactor x2, Barracks Tech Lab  
  38  5:08  Barracks  
  38  5:10  Barracks  
  38  5:18  Orbital Command  
  38  5:19  SCV  
  39  5:31  SCV, Marine  
  39  5:32  Factory Reactor  
  41  5:37  Orbital Command  
  40  5:43  SCV  
  40  5:44  Marine x2  
  40  5:48  SCV  
  42  5:55  SCV  
  42  5:56  Marine x2  
  44  5:58  Barracks Reactor  
  44  6:00  SCV  
  44  6:01  Marine x2  
  44  6:03  SCV  
  48  6:08  SCV  
  45  6:12  SCV, Starport  
  45  6:14  Marine x2, Stimpack  
  45  6:15  SCV  
  45  6:16  Marine  
  45  6:17  Marine  
  51  6:20  SCV  
  51  6:25  Bunker x2  
  52  6:26  Marine x2  
  52  6:28  SCV  
  52  6:30  SCV  
  52  6:32  Marine x2  
  58  6:34  Marine  
  58  6:35  SCV  
  58  6:36  Factory Tech Lab  
  58  6:37  Marine  
  58  6:39  Marine x2  
  63  6:42  SCV  
  63  6:44  Marine x2  
  66  6:49  Engineering Bay  
  66  6:52  Engineering Bay  
  66  6:53  Marine x3  
  69  6:58  Medivac x2  
  69  7:00  Marine  
  74  7:01  Marine  
  74  7:02  Marine  
  74  7:04  Marine  
  74  7:05  Marine  
  74  7:08  SCV  
  79  7:10  SCV  
  79  7:11  Marine x2  
  82  7:22  Marine x3  
  81  7:23  Siege Tank  
  81  7:25  Terran Infantry Armor Level 1, Terran Infantry Weapons Level 1  
  81  7:29  Refinery  
  85  7:32  Refinery  
  85  7:33  SCV  
  85  7:34  Marine x2  
  85  7:35  Barracks Reactor  
  88  7:39  Marine  
  88  7:40  Marine x2  
  88  7:43  Medivac  
  93  7:46  Marine  
  93  7:48  Marine  
  95  7:51  Marine  
  95  7:55  Supply Depot  
  95  7:56  Supply Depot  
  95  7:58  Marine  
  97  7:59  Marine x3  
  97  8:01  Orbital Command  
  100  8:05  Supply Depot  
  100  8:06  SCV  
  100  8:08  Supply Depot  
  101  8:16  Siege Tank, Marine x3  
  96  8:23  Marine x2  
  96  8:24  Medivac x2  
  96  8:28  Armory  
  96  8:29  SCV x2  
  98  8:35  Marine  
  98  8:36  Marine x2  
  98  8:37  Marine  
  103  8:41  SCV  
  103  8:42  Marine  
  103  8:43  Combat Shields, Marine  
  103  8:45  Marine  
  103  8:46  Marine  
  103  8:48  SCV  
  108  8:49  SCV  
  108  8:55  Medivac x2  
  113  9:00  Marine x3  
  113  9:02  Siege Tank  
  119  9:07  SCV x2  
  119  9:08  SCV  
  122  9:13  Marine x2  
  122  9:15  Supply Depot x2  
  124  9:28  Medivac x2, Marine x3  
  124  9:29  SCV  
  122  9:34  Siege Tank  
  118  9:52  Marine x5  
  111  9:53  Terran Infantry Weapons Level 2, Marine x3  
  111  9:58  Marine  
  112  10:02  Command Center  
  112  10:07  Siege Tank  
  115  10:20  Marine x3  
  115  10:21  Medivac, Marine  
  121  10:23  SCV  
  121  10:24  SCV  
  121  10:26  Refinery  
  121  10:27  Marine x2  
  121  10:28  Refinery  
  119  10:30  Terran Infantry Armor Level 2  
  119  10:31  SCV  
  119  10:33  Barracks  
  120  10:36  SCV, Barracks  
  120  10:39  Siege Tank  
  124  10:49  Marine  
  122  10:50  Marine x3  
  126  11:01  Marine x3  
  126  11:02  Medivac x2, Marine  
  134  11:04  Marine  
  134  11:06  Terran Vehicle Weapons Level 1, SCV  
  134  11:07  Marine x3  
  134  11:11  Siege Tank  
  142  11:15  Marine  
  125  11:19  Marine x4  
  125  11:22  Marine  
  130  11:26  Marine  
  130  11:32  Marine x3  
  134  11:36  Marine x2  
  134  11:37  Marine x2  
  134  11:38  Marine  
  139  11:43  Siege Tank  
  139  11:46  Marine x3  
  139  11:49  Marine  
  139  11:50  Medivac x2, Marine x2  
  139  11:51  SCV  
  139  11:53  SCV x2  
  139  11:54  Marine  
  148  12:05  Marine  
  148  12:07  Marine x2  
  150  12:15  Siege Tank, Marine x3  
  148  12:16  Marine  
  148  12:17  Marine  
  148  12:18  Marine  
  148  12:22  Marine  
  119  12:23  Marine, Medivac x2  
  119  12:25  Marine  
  119  12:26  SCV x3  
  119  12:27  Planetary Fortress  
  119  12:29  Marine  
  125  12:31  Barracks Reactor  
  125  12:33  Marine x2  
  126  12:41  Barracks Reactor, Marine  
  126  12:42  Marine x3  
  126  12:44  Marine  
  131  12:46  SCV  
  131  12:47  Siege Tank  
  135  12:53  Medivac x2  
  135  12:55  Marine x3  
  142  13:01  Factory, Marine x2  
  142  13:02  Marine x3  
  142  13:05  Factory  
  147  13:09  Marine  
  147  13:10  Marine x2  
  150  13:19  Siege Tank  
  153  13:21  Marine  
  153  13:22  Marine x2  
  153  13:24  Marine x3  
  159  13:28  Marine x2  
  159  13:33  Marine x3  
  164  13:38  Supply Depot x2  
  164  13:39  Marine  
  164  13:40  Supply Depot x2  
  157  13:51  Marine  
  157  13:52  Marine  
  157  13:53  Medivac x2  
  149  13:59  Marine  
  149  14:00  Siege Tank, Marine  
  152  14:03  Marine  
  152  14:04  Marine  
  152  14:06  Command Center  
  152  14:08  Marine  
  152  14:16  Command Center  
  138  14:45  Factory Tech Lab x2  
Show
View Real Time Build Order
Export as new Build Order

Ohm Terran 

Build Orders: Reaper Expand, MMM Bio 

Get SALT Encoding   

  12  0:01  SCV  
  13  0:13  SCV  
  14  0:19  Supply Depot  
  14  0:25  SCV  
  15  0:41  SCV  
  16  0:43  Barracks  
  16  0:46  Refinery  
  16  0:53  SCV  
  17  1:05  SCV  
  18  1:17  SCV  
  19  1:30  Reaper, Orbital Command  
  20  1:43  Command Center  
  20  1:51  Barracks  
  20  1:56  SCV  
  21  2:02  Barracks Reactor  
  21  2:10  SCV  
  21  2:12  Supply Depot  
  21  2:14  Refinery  
  22  2:22  SCV  
  23  2:25  Factory  
  23  2:34  SCV  
  24  2:40  Barracks Tech Lab, Marine x2  
  25  2:46  SCV  
  26  2:55  Bunker  
  26  2:58  SCV, Marine x2  
  27  3:02  Stimpack  
  29  3:06  Marine  
  30  3:16  Marine x2  
  30  3:21  Cyclone  
  30  3:24  SCV  
  32  3:35  Marine  
  32  3:36  Marine x2  
  34  3:45  SCV  
  35  3:51  Orbital Command  
  35  3:53  Marine x2  
  35  3:54  Marine  
  38  3:57  SCV  
  39  4:06  Supply Depot  
  39  4:12  Factory Reactor, Starport  
  39  4:19  Marine  
  42  4:27  Supply Depot  
  42  4:28  Supply Depot  
  40  4:40  Marine  
  40  4:52  Cyclone x2  
  45  4:54  Marine  
  45  4:57  Medivac  
  45  4:58  Marine  
  49  5:04  SCV x2  
  51  5:11  Marine  
  51  5:15  Marine  
  50  5:24  Cyclone x2  
  44  5:34  SCV x2  
  45  5:37  Marine x2, Medivac  
  48  5:56  SCV x2  
  47  5:59  Barracks Reactor  
  46  6:08  Factory Reactor  
  46  6:09  SCV  
  46  6:10  SCV  
  48  6:14  Marine x3  
  51  6:25  Combat Shields  
  51  6:26  SCV x2  
  51  6:30  Supply Depot  
  53  6:34  Command Center  
  53  6:38  Marine x3  
  56  6:41  SCV  
  56  6:42  SCV  
  58  6:50  Medivac x2  
  58  6:52  Factory Tech Lab  
  58  6:53  SCV  
  60  7:06  Marine x3  
  60  7:07  SCV x2  
  56  7:19  SCV x2  
  47  7:23  Engineering Bay  
  47  7:24  Siege Tank, Marine x2, Engineering Bay  
  52  7:31  SCV x2  
  52  7:34  Marine  
  52  7:35  Viking  
  52  7:36  Viking  
  59  7:41  Marine  
  59  7:43  SCV x2  
  62  7:46  Orbital Command  
  62  7:55  SCV, Marine x2, Supply Depot  
  62  7:58  SCV  
  66  8:06  Terran Infantry Weapons Level 1  
  66  8:07  SCV  
  66  8:10  SCV  
  63  8:20  Marine x3  
  63  8:21  SCV x2  
  68  8:27  SCV, Barracks x2  
  68  8:28  Barracks  
  68  8:29  Refinery x2  
  68  8:30  Terran Infantry Armor Level 1  
  68  8:33  SCV  
  70  8:39  SCV  
  71  8:43  Orbital Command  
  71  8:45  SCV  
  71  8:46  Marine x2  
  71  8:47  Siege Tank, Marine, Supply Depot  
  78  8:51  SCV  
  79  8:57  SCV  
  80  9:03  SCV  
  80  9:04  Sensor Tower  
  80  9:06  Sensor Tower  
  80  9:07  Marine x3  
  80  9:09  SCV  
  85  9:10  Supply Depot  
  85  9:13  SCV  
  85  9:15  SCV  
  87  9:17  Barracks Reactor x3  
  87  9:21  SCV  
  88  9:25  Marine  
  88  9:27  SCV  
  91  9:34  Supply Depot  
  91  9:38  Marine x2  
  91  9:39  Siege Tank, Medivac  
  91  9:43  Marine  
  94  9:53  Orbital Command  
  94  9:56  Marine x2  
  94  9:57  Marine x6  
  102  10:01  Marine  
  103  10:07  Armory  
  103  10:14  Marine x3  
  104  10:15  Marine, Supply Depot  
  104  10:18  SCV x2  
  109  10:28  Marine x5  
  109  10:31  Marine  
  109  10:32  Sensor Tower  
  114  10:40  Marine  
  114  10:41  Marine x2  
  106  10:46  Marine x5  
  106  10:49  Marine  
  112  10:51  Siege Tank  
  112  10:53  Supply Depot  
  115  10:58  Marine x2  
  115  10:59  Marine  
  115  11:04  Marine x5  
  118  11:07  Marine  
  122  11:16  Marine x3  
  121  11:18  Medivac  
  121  11:19  Medivac  
  121  11:20  Terran Infantry Armor Level 2, Terran Infantry Weapons Level 2  
  121  11:21  Marine  
  121  11:22  Marine x4  
  121  11:25  Marine  
  129  11:27  Siege Tank  
  129  11:31  Supply Depot  
  129  11:32  Factory  
  132  11:37  Marine x3  
  132  11:39  Marine x3  
  133  11:40  Marine x2  
  133  11:43  Marine  
  136  11:52  Supply Depot x2  
  136  11:53  Supply Depot  
  136  11:55  Marine x3  
  136  11:57  Marine x5  
  144  12:10  Marine  
  144  12:11  Siege Tank  
  144  12:13  Medivac x2, Marine x3  
  144  12:15  Marine x5  
  115  12:27  Marine  
  115  12:29  Factory Tech Lab  
  115  12:31  Marine x3  
  115  12:33  Marine x5  
  117  12:45  Marine  
  117  12:48  Marine  
  117  12:49  Marine x2  
  117  12:50  Terran Vehicle Weapons Level 1  
  117  12:51  Marine x5  
  122  12:54  Siege Tank  
  122  12:57  Refinery x2  
  129  13:03  Marine  
  129  13:04  Refinery  
  130  13:06  Marine  
  130  13:07  Marine x2  
  130  13:10  Marine  
  130  13:11  Marine x3  
  134  13:13  Command Center  
  131  13:24  Marine  
  131  13:25  Marine x4  
  136  13:28  Marine  
  137  13:42  Marine x2  
  137  13:43  Marine  
  139  13:54  Marine x6  
  136  14:06  Marine x3  
  132  14:12  Marine  
  132  14:16  Marine x3  
  107  14:25  Marine x3  
Tags
 
Add a new tag
Caveats
  • Supply blocks, unpowered buildings, or Contaminate may cause inaccurate times.
  • Supply counts are checked every 10 seconds.